 Dungeon Crawl Stone Soup version 0.27-a0-1200-g94dc6ad (webtiles) character file.

Game seed: 16868804290594401942

70 Meow the Sneak (level 4, 27/36 HPs)
             Began as a Naga Venom Mage on May 31, 2021.
             Quit the game on level 2 of the Dungeon.
             The game lasted 00:06:37 (2310 turns).

Meow the Sneak (Naga Venom Mage)                    Turns: 2310, Time: 00:06:37

Health: 27/36      AC:  2    Str: 10    XL:     4   Next: 22%
Magic:  5/8        EV: 10    Int: 16    God:
Gold:   80         SH:  0    Dex: 12    Spells: 2/9 levels left

rFire    . . .     SeeInvis +   a - +0 hand axe
rCold    . . .     Faith    .   (no shield)
rNeg     . . .     Spirit   .   c - +0 robe
rPois    +         Reflect  .   (no helmet)
rElec    .         Harm     .   (no cloak)
rCorr    .         Rampage  .   (no gloves)
Will     .....                  (no barding)
Stlth    +++.......             (no amulet)
HPRegen  0.12/turn              (no ring)
MPRegen  0.11/turn              (no ring)

@: short of breath, very slow
A: AC +1, large, see invisible, deformed body, poison resistance, slowness 2,
spit poison 1, naga tail 1
a: Spit Poison


You were on level 2 of the Dungeon.
You visited 1 branch of the dungeon, and saw 2 of its levels.

You collected 80 gold pieces.

Inventory:

Hand Weapons
 a - a +0 hand axe (weapon)
 b - a +0 hunting sling
 f - a +0 dagger
 n - a +0 longbow
Missiles
 e - 14 bolts
 h - 26 stones (quivered)
 o - 14 poisoned darts
Armour
 c - a +0 robe (worn)
Magical Staves
 i - a staff of cold
Jewellery
 g - an amulet of guardian spirit
 m - a ring of fire
Scrolls
 d - a scroll of brand weapon {unknown}
 j - a scroll of fog {unknown}
 k - a scroll of identify {unknown}
Potions
 l - a potion of heal wounds {unknown}
 p - a potion of haste {unknown}


   Skills:
 - Level 1.5 Dodging
 * Level 4.8 Stealth
 * Level 3.0 Spellcasting
 + Level 1.4 Conjurations
 - Level 1.0 Transmutations
 - Level 4.0 Poison Magic


You had 2 spell levels left.
You knew the following spells:

 Your Spells              Type           Power      Damage    Failure   Level
a - Sting                 Tmut/Pois      40%        1d5       7%          1
c - Mephitic Cloud        Conj/Pois/Air  8%         N/A       26%         3
C - Ignite Poison         Fire/Tmut/Pois 7%         N/A       28%         3

Your spell library contained the following spells:

 Spells                   Type           Power      Damage    Failure   Level
 Poisonous Vapours        Pois/Air       16%        N/A       12%         2
 Olgreb's Toxic Radiance  Pois           15%        N/A       34%         4


Dungeon Overview and Level Annotations

Branches:
Dungeon (2/15)

Altars:


Innate Abilities, Weirdness & Mutations

Your serpentine skin is tough. (AC +1)
You have supernaturally acute eyesight. (SInv)
Armour fits poorly on your strangely shaped body.
Your system is resistant to poisons. (rPois)
You cover ground very slowly.
You can spit poison.
You have a snake-like lower body.


Message History

An orc comes into view.
It is wielding a +0 short sword of holy wrath.
An orc is nearby!
Press: ? - help, Shift-Dir - straight line, f - orc
Aim: an orc, wielding a +0 short sword of holy wrath and wearing a +0 chain mail The splash of poison hits the orc but does no damage.
The orc is poisoned.
Unknown command.
Casting: Sting (safe; 7% risk of failure)
Confirm with . or Enter, or press ? or * to list all spells.
Aiming: Sting (safe; 7% risk of failure)
Press: ? - help, Shift-Dir - straight line, f/p - orc
Aim: an orc, wielding a +0 short sword of holy wrath and wearing a +0 chain mail (poisoned, 79% to hit)
The sting hits the orc but does no damage.
The orc looks even sicker.
Unknown command.
Casting: Sting (safe; 7% risk of failure)
Confirm with . or Enter, or press ? or * to list all spells.
Aiming: Sting (safe; 7% risk of failure)
Press: ? - help, Shift-Dir - straight line, f/p - orc
Aim: an orc, wielding a +0 short sword of holy wrath and wearing a +0 chain mail (lightly wounded, very poisoned, 79% to hit)
Okay, then.
Casting: Sting (safe; 7% risk of failure)
Confirm with . or Enter, or press ? or * to list all spells.
Aiming: Sting (safe; 7% risk of failure)
Press: ? - help, Shift-Dir - straight line, f/p - orc
Aim: an orc, wielding a +0 short sword of holy wrath and wearing a +0 chain mail (lightly wounded, very poisoned, 79% to hit)
The sting misses the orc.
The orc hits you with a +0 short sword of holy wrath.
Unknown command.
Okay, then.
Casting: Sting (safe; 7% risk of failure)
Confirm with . or Enter, or press ? or * to list all spells.
Aiming: Sting (safe; 7% risk of failure)
Press: ? - help, Shift-Dir - straight line, f/p - orc
Aim: an orc, wielding a +0 short sword of holy wrath and wearing a +0 chain mail (heavily wounded, very poisoned, 79% to hit)
The sting hits the orc but does no damage.
The orc looks even sicker.
The orc is heavily wounded.
The orc hits you with a +0 short sword of holy wrath.
Are you sure you want to abandon this character and quit the game? (Confirm with "yes".)

#). #<. #.. ### ####
######.. ### #.. ..#
#....... ...#.# #.#
#.#####.
####.#.####.####.#####.
#....o............^.##.
#.#@##.#.####.##.##.
#.##.#.# #.##.##.
#......# #.......
#.###♣♣♣♣ ###.....
#.##♣♣PP♣ ###...##
#..♣.♣P.♣♣♣.......
##.♣...P.♣♣.......
#...♣P.♣♣♣.......
##♣♣♣P♣♣♣♣.......


You could see an orc (very poisoned).

Vanquished Creatures
  2 adders (D:2)
  A worm (D:1)
  3 dart slugs
  4 ball pythons
  9 endoplasms
  5 goblins
  2 hobgoblins
  4 jackals (D:2)
  A quokka (D:2)
  2 bats (D:1)
  2 frilled lizards (D:1)
  A kobold (D:2)
  4 rats
40 creatures vanquished.

Vanquished Creatures (others)
  4 plants (D:2)
4 creatures vanquished.

Grand Total: 44 creatures vanquished

Notes
Turn   | Place    | Note
-------+----------+-------------------------------------------
     0 | D:1      | Meow the Naga Venom Mage began the quest for the Orb.
     0 | D:1      | Reached XP level 1. HP: 15/15 MP: 3/3
   316 | D:1      | Reached XP level 2. HP: 22/22 MP: 5/5
   726 | D:1      | Found a faded altar of an unknown god.
   959 | D:1      | Reached XP level 3. HP: 28/28 MP: 6/6
   963 | D:1      | Learned a level 3 spell: Mephitic Cloud
   967 | D:1      | Learned a level 3 spell: Ignite Poison
  1013 | D:1      | Reached skill level 1 in Conjurations
  2025 | D:2      | Reached XP level 4. HP: 36/36 MP: 5/8
  2310 | D:2      | Quit the game

Illustrated notes

Levels and vault maps discovered:
D:1:      saegor_arrival_simple_a, layout_loops_ring,
          shapermc_ecumenical_altar_totnotflames
D:2:      layout_loops_cross, serial_forest, infiniplex_forest_end_2,
          infiniplex_forest_zigzag_1, infiniplex_forest_clump_double,
          infiniplex_forest_end_2, infiniplex_forest_zigzag_2,
          infiniplex_forest_clump_small, infiniplex_forest_end_2, minivault_24

Skill      XL: |  1  2  3  4 |
---------------+-------------+-----
Stealth        | 4 |  4.8
Conjurations   | 1 |  1.4
Spellcasting   | 3 |  3.0
Dodging        | |  1.5
Transmutations | |  1.0
Poison Magic   | |  4.0

Action                   |  1- 3 |  4- 6 || total
-------------------------+-------+-------++-------
Melee: Hand axe          |     7 |     1 ||     8
Throw: Stone             |    13 |       ||    13
 Cast: Sting             |    39 |     8 ||    47
 Abil: Spit Poison       |    46 |     3 ||    49
Armor: Robe              |     1 |       ||     1
Dodge: Dodged            |    10 |     3 ||    13

Table legend: (Time is in decaauts)
 A = Elapsed time spent in this place.
 B = Non-inter-level travel time spent in this place.
 C = Inter-level travel time spent in this place.
 D = Time resting spent in this place.
 E = Time spent auto-exploring this place.
 F = Levels seen in this place.
 G = Mean time per level.
                   A        B        C        D        E       F      G
               +--------+--------+--------+--------+--------+-----+--------+
         Total |   2831 |   2778 |     53 |    772 |   1361 |   2 | 1415.5 |
       Dungeon |   2831 |   2778 |     53 |    772 |   1361 |   2 | 1415.5 |
               +--------+--------+--------+--------+--------+-----+--------+

Top non-repeatable levels by time:
     D:1: 1762 daAuts
     D:2: 1069 daAuts
